 Dungeon Crawl Stone Soup version 0.16.0 (webtiles) character file.

28 Minkie the Vexing (level 2, 0/19 HPs)
             Began as a Vampire Enchanter on Mar 21, 2015.
             Slain by a giant gecko (2 damage)
             ... on level 2 of the Dungeon.
             The game lasted 00:02:33 (964 turns).

Minkie the Vexing (Vampire Enchanter)                Turns: 964, Time: 00:02:34

Health: 0/19       AC:  3    Str:  7    XL:     2   Next: 96%
Magic:  2/4        EV: 12    Int: 17    God:
Gold:   93         SH:  0    Dex: 14    Spells: 2 memorised, 2 levels left

rFire  . . .     SeeInvis +     a - +1 dagger
rCold  . . .     Clarity  .     b - +1 robe
rNeg   + . .     SustAb   .     (no shield)
rPois  .         Gourm    .     (no helmet)
rElec  .         Spirit   .     (no cloak)
rCorr  .         Warding  .     (no gloves)
rMut   .         Stasis   .     (no boots)
MR     .....                    (no amulet)
Stlth  +++.......               (no ring)
                                (no ring)

@: very slightly contaminated, not resistant to hostile enchantments, fairly
stealthy
A: bottle blood, fangs 3, see invisible, unbreathing
a: no special abilities


You were on level 2 of the Dungeon.
You were not thirsty.

You visited 1 branch of the dungeon, and saw 2 of its levels.

You collected 93 gold pieces.

Inventory:

Hand weapons
 a - a +1 dagger (weapon)
Missiles
 i - 13 poisoned needles
Armour
 b - a +1 robe (worn)
Scrolls
 e - 2 scrolls of remove curse {unknown}
 f - a scroll of enchant weapon {unknown}
 g - a scroll of teleportation {unknown}
 h - a scroll of identify {unknown}
 k - a scroll of recharging {unknown}
Potions
 d - a potion of blood
 j - a potion of curing {unknown}
 l - a potion of magic {unknown}
Books
 c - a book of Maledictions

   Spells                             Type                      Level
   a - Corona                         Hexes                        1
   b - Sure Blade                     Hexes/Charms                 2
   c - Ensorcelled Hibernation        Hexes/Ice                    2
   d - Confuse                        Hexes                        3
   e - Dazzling Spray                 Conjuration/Hexes            3
   f - Enslavement                    Hexes                        4


   Skills:
 * Level 2.3 Short Blades
 + Level 2.3 Dodging
 + Level 4.6 Stealth
 - Level 2.0 Spellcasting
 + Level 4.8 Hexes
 + Level 0.6 Ice Magic


You had 2 spell levels left.
You knew the following spells:

 Your Spells              Type           Power        Failure   Level  Hunger
a - Corona                Hex            ###....      2%          1    #......
b - Ensorcelled Hibernat  Hex/Ice        ##....       12%         2    ###....


Dungeon Overview and Level Annotations

Branches:
Dungeon (2/15)

Altars:
Ashenzari
Fedhas


Innate Abilities, Weirdness & Mutations

You can bottle blood from corpses.
You have razor-sharp teeth.
You have supernaturally acute eyesight.
You can survive without breathing.


Message History

You kill the goblin!
The jackal bites you.
The giant gecko bites you but does no damage.
The jackal closely misses you. The giant gecko bites you. The jackal bites you.
* * * LOW HITPOINT WARNING * * *
Found a blossoming altar of Fedhas.
The jackal bites you but does no damage.
Found 28 stones and a pair of boots.
Found a shattered altar of Ashenzari.
Casting: Ensorcelled Hibernation
Confirm with . or Enter, or press ? or * to list all spells.
Aiming: Ensorcelled Hibernation
Press: ? - help, Shift-Dir - straight line, f - jackal
Aim: a jackal (chance 60%)
You miscast Ensorcelled Hibernation.
You are very lightly contaminated with residual magic.
Multicoloured lights dance before your eyes!
The jackal barely misses you. The jackal bites you.
* * * LOW HITPOINT WARNING * * *
The giant gecko bites you.
You die...

.._ ...... #._..⌠
##.... #....$
#.... #...#
#.Kl#####+##.
#####..h@.......#
#....)h#.....([.+
#......#........
#......#........
.
#......#########
. #......###### .
#...........# .
#....)......# #
######......# #


You could see a giant gecko, 2 jackals and a kobold.

Vanquished Creatures
  An adder (D:2)
  A giant gecko (D:2)
  A bat (D:1)
  2 giant cockroaches
  3 goblins
  4 hobgoblins (D:1)
  2 giant newts (D:1)
  2 jackals (D:1)
  A kobold (D:2)
  A rat (D:1)
18 creatures vanquished.

Notes
Turn   | Place    | Note
--------------------------------------------------------------
     0 | D:1      | Minkie, the Vampire Enchanter, began the quest for the Orb.
     0 | D:1      | Reached XP level 1. HP: 13/13 MP: 3/3
   425 | D:1      | Reached XP level 2. HP: 19/19 MP: 4/4
   539 | D:1      | Learned a level 2 spell: Ensorcelled Hibernation
   961 | D:2      | Found a blossoming altar of Fedhas.
   962 | D:2      | Found a shattered altar of Ashenzari.
   964 | D:2      | Slain by a giant gecko

Action                   || total
-------------------------++-------
Melee: Dagger            ||    43
 Cast: Ensorcelled Hiber ||     1
 Stab: Sleeping          ||     5
